TOP OF THE 1ST |
Scranton WB RailRiders batting - Pitching for Norfolk Tides : LHP Ace Ventura
|
Pitching: LHP Ace Ventura
|
|
Batting: LHB Joel Vera
|
0-0: Ball 1-0: Ball 2-0: Fly out, F9 (Flyball, 9S, EV 89.4 MPH)
|
Batting: RHB Devon Utley
|
0-0: Foul Ball, location: 2F 0-1: Ball 1-1: SINGLE (Line Drive, 8RS, EV 101.9 MPH)
|
Batting: RHB Scott King
|
0-0: Called Strike 0-1: Swinging Strike 0-2: Fly out, F7 (Line Drive, 7, EV 92.5 MPH)
|
Batting: SHB Victor Ruiz
|
0-0: Called Strike 0-1: Swinging Strike 0-2: Ball 1-2: Strikes out swinging
|
Top of the 1st over - 0 runs, 1 hit, 0 errors, 1 left on base; Scranton WB 0 - Norfolk 0 |
BOTTOM OF THE 1ST |
Norfolk Tides batting - Pitching for Scranton WB RailRiders : RHP Ray Richards
|
Pitching: RHP Ray Richards
|
|
Batting: SHB Marvin Garcia
|
0-0: Foul Ball, location: 2F 0-1: Ball 1-1: Swinging Strike 1-2: Ball 2-2: Fly out, F7 (Line Drive, 7S, EV 93.1 MPH)
|
Batting: LHB Tyler Allen
|
0-0: Called Strike 0-1: Ball 1-1: Ball 2-1: Called Strike 2-2: Foul Ball, location: 2F 2-2: Ball 3-2: Strikes out swinging
|
Batting: LHB Ben Rubenacker
|
0-0: Ball 1-0: Called Strike 1-1: Swinging Strike 1-2: Fly out, F8 (Line Drive, 8LD, EV 103.1 MPH)
|
Bottom of the 1st over - 0 runs, 0 hits, 0 errors, 0 left on base; Scranton WB 0 - Norfolk 0 |
TOP OF THE 2ND |
Scranton WB RailRiders batting - Pitching for Norfolk Tides : LHP Ace Ventura
|
Batting: RHB Bobby Melillo
|
0-0: Ball 1-0: Ground out 5-3 (Groundball, 56S, EV 84.4 MPH)
|
Batting: LHB Aaron Joyner
|
0-0: Ground out 6-3 (Groundball, 6, EV 86.9 MPH)
|
Batting: SHB Edwin Dominguez
|
0-0: Foul Ball, location: 2F 0-1: Foul Ball, location: 2F 0-2: Foul Ball, location: 2F 0-2: Foul Ball, location: 2F 0-2: Ball 1-2: Ground out 6-3 (Groundball, 6, EV 83.8 MPH)
|
Top of the 2nd over - 0 runs, 0 hits, 0 errors, 0 left on base; Scranton WB 0 - Norfolk 0 |
BOTTOM OF THE 2ND |
Norfolk Tides batting - Pitching for Scranton WB RailRiders : RHP Ray Richards
|
Batting: LHB Tsutomu Miyahara
|
0-0: Called Strike 0-1: Ground out 4-3 (Groundball, 4S, EV 67.5 MPH)
|
Batting: SHB Ben Pierce
|
0-0: Ground out 5-3 (Groundball, 5, EV 85.0 MPH)
|
Batting: LHB Jose Chinchilla
|
0-0: Ball 1-0: Ball 2-0: Ball 3-0: Called Strike 3-1: Fly out, F8 (Flyball, 8RM, EV 78.8 MPH)
|
Bottom of the 2nd over - 0 runs, 0 hits, 0 errors, 0 left on base; Scranton WB 0 - Norfolk 0 |
TOP OF THE 3RD |
Scranton WB RailRiders batting - Pitching for Norfolk Tides : LHP Ace Ventura
|
Batting: RHB John Sabean
|
0-0: Fly out, F8 (Flyball, 8RS, EV 91.9 MPH)
|
Batting: SHB Joe Fure
|
0-0: Ball 1-0: Called Strike 1-1: Ball 2-1: Ground out 3-1 (Groundball, 34, EV 103.8 MPH)
|
Batting: LHB Joel Vera
|
0-0: Called Strike 0-1: Ball 1-1: Foul Ball, location: 2F 1-2: Ball 2-2: Foul Ball, location: 2F 2-2: Foul Ball, location: 2F 2-2: Ball 3-2: Ground out 4-3 (Groundball, 4, EV 85.6 MPH)
|
Top of the 3rd over - 0 runs, 0 hits, 0 errors, 0 left on base; Scranton WB 0 - Norfolk 0 |
BOTTOM OF THE 3RD |
Norfolk Tides batting - Pitching for Scranton WB RailRiders : RHP Ray Richards
|
Batting: RHB Vince Jackson
|
0-0: Ball 1-0: SINGLE (Line Drive, 89M, EV 92.5 MPH)
|
Batting: LHB Johan de Vries
|
0-0: Ball 1-0: Called Strike Vince Jackson steals 2nd base 1-1: SINGLE (Line Drive, 7S, EV 90.6 MPH) Vince Jackson to third
|
Batting: RHB John Gray
|
0-0: Ball 1-0: Ball 2-0: Ball 3-0: Called Strike 3-1: Swinging Strike 3-2: Fly out, F8 (Flyball, 8RD, EV 103.1 MPH) Runner from 3rd tags up, SCORES, throw by CF
|
Batting: SHB Marvin Garcia
|
0-0: Called Strike 0-1: Ball 1-1: Foul Ball, location: 2F 1-2: Strikes out swinging
|
Batting: LHB Tyler Allen
|
0-0: Called Strike Johan de Vries steals 2nd base 0-1: Ball 1-1: SINGLE (Groundball, 4M, EV 76.9 MPH) (infield hit) Johan de Vries to third
|
Batting: LHB Ben Rubenacker
|
0-0: Called Strike 0-1: Ball 1-1: Reached via error on a dropped throw from SS, E3 (Groundball, 6M, EV 100.0 MPH) Johan de Vries scores Tyler Allen to second
|
Batting: LHB Tsutomu Miyahara
|
0-0: Foul Ball, location: 2F 0-1: Foul Ball, location: 2F 0-2: Ground out U3 (Groundball, 3L, EV 98.8 MPH)
|
Bottom of the 3rd over - 2 runs, 3 hits, 1 error, 2 left on base; Scranton WB 0 - Norfolk 2 |
TOP OF THE 4TH |
Scranton WB RailRiders batting - Pitching for Norfolk Tides : LHP Ace Ventura
|
Batting: RHB Devon Utley
|
0-0: Ball 1-0: Ball 2-0: Foul Ball, location: 2F 2-1: Foul Ball, location: 2F 2-2: SOLO HOME RUN (Flyball, 7D, EV 104.4 MPH), Distance : 383 ft
|
Batting: RHB Scott King
|
0-0: Ball 1-0: Ball 2-0: Ball 3-0: Called Strike 3-1: Called Strike 3-2: Base on Balls
|
Batting: SHB Victor Ruiz
|
0-0: Foul Ball, location: 2F 0-1: Called Strike 0-2: Ball 1-2: Ball 2-2: Grounds into double play, 6-4-3 (Groundball, 6, EV 103.1 MPH)
|
Batting: RHB Bobby Melillo
|
0-0: Ball 1-0: Called Strike 1-1: Ground out 5-3 (Groundball, 56, EV 89.4 MPH)
|
Top of the 4th over - 1 run, 1 hit, 0 errors, 0 left on base; Scranton WB 1 - Norfolk 2 |
BOTTOM OF THE 4TH |
Norfolk Tides batting - Pitching for Scranton WB RailRiders : RHP Ray Richards
|
Batting: SHB Ben Pierce
|
0-0: SINGLE (Groundball, 4M, EV 106.2 MPH) (infield hit)
|
Batting: LHB Jose Chinchilla
|
0-0: Foul Ball, location: 2F 0-1: Swinging Strike 0-2: Foul Ball, location: 2F 0-2: Foul Ball, location: 2F 0-2: Ball 1-2: Foul Ball, location: 2F 1-2: Strikes out looking
|
Batting: RHB Vince Jackson
|
0-0: Foul Ball, location: 2F 0-1: Foul Ball, location: 2F 0-2: DOUBLE (Line Drive, 7LS, EV 109.4 MPH) Ben Pierce to third
|
Batting: LHB Johan de Vries
|
0-0: Foul Ball, location: 2F 0-1: Ground out U3 (Groundball, 3, EV 85.6 MPH)
|
Batting: RHB John Gray
|
0-0: Ball 1-0: Called Strike 1-1: Fly out, F3 (Flyball, 3D, EV 97.5 MPH)
|
Bottom of the 4th over - 0 runs, 2 hits, 0 errors, 2 left on base; Scranton WB 1 - Norfolk 2 |
TOP OF THE 5TH |
Scranton WB RailRiders batting - Pitching for Norfolk Tides : LHP Ace Ventura
|
Batting: LHB Aaron Joyner
|
0-0: Called Strike 0-1: Ground out 5-3 (Groundball, 56, EV 102.5 MPH)
|
Batting: SHB Edwin Dominguez
|
0-0: Called Strike 0-1: SINGLE (Line Drive, 7S, EV 85.0 MPH)
|
Batting: RHB John Sabean
|
0-0: Called Strike 0-1: Ball 1-1: Ball 2-1: Ball 3-1: Fly out, F9 (Flyball, 89S, EV 93.1 MPH)
|
Batting: SHB Joe Fure
|
0-0: Ball Edwin Dominguez is caught stealing 2nd base 2-4
|
Top of the 5th over - 0 runs, 1 hit, 0 errors, 0 left on base; Scranton WB 1 - Norfolk 2 |
BOTTOM OF THE 5TH |
Norfolk Tides batting - Pitching for Scranton WB RailRiders : RHP Ray Richards
|
Batting: SHB Marvin Garcia
|
0-0: Ball 1-0: Swinging Strike 1-1: Foul Ball, location: 2F 1-2: Fly out, F5 (Line Drive, 56, EV 71.2 MPH)
|
Batting: LHB Tyler Allen
|
0-0: Ball 1-0: Ground out 5-3 (Groundball, 56, EV 79.4 MPH)
|
Batting: LHB Ben Rubenacker
|
0-0: Called Strike 0-1: Ball 1-1: Foul Ball, location: 2F 1-2: Ball 2-2: Strikes out swinging
|
Bottom of the 5th over - 0 runs, 0 hits, 0 errors, 0 left on base; Scranton WB 1 - Norfolk 2 |
TOP OF THE 6TH |
Scranton WB RailRiders batting - Pitching for Norfolk Tides : LHP Ace Ventura
|
Batting: SHB Joe Fure
|
0-0: Called Strike 0-1: Fly out, F7 (Flyball, 7LM, EV 83.8 MPH)
|
Batting: LHB Joel Vera
|
0-0: Foul Ball, location: 2F 0-1: SINGLE (Line Drive, 89M, EV 91.9 MPH)
|
Batting: RHB Devon Utley
|
0-0: Fly out, F8 (Flyball, 8LXD, EV 92.5 MPH)
|
Batting: RHB Scott King
|
0-0: Fly out, F7 (Flyball, 78D, EV 78.1 MPH)
|
Top of the 6th over - 0 runs, 1 hit, 0 errors, 1 left on base; Scranton WB 1 - Norfolk 2 |
BOTTOM OF THE 6TH |
Norfolk Tides batting - Pitching for Scranton WB RailRiders : RHP Ray Richards
|
Batting: LHB Tsutomu Miyahara
|
0-0: Ball 1-0: Ball 2-0: Ball 3-0: Called Strike 3-1: Foul Ball, location: 2F 3-2: Base on Balls
|
Batting: SHB Ben Pierce
|
0-0: Foul Ball, location: 2F 0-1: Called Strike Tsutomu Miyahara steals 2nd base 0-2: Strikes out swinging
|
Batting: LHB Jose Chinchilla
|
0-0: Foul Ball, location: 2F 0-1: Ground out 4-3 (Groundball, 4, EV 100.6 MPH) Tsutomu Miyahara to third
|
Batting: RHB Vince Jackson
|
0-0: Foul Ball, location: 2F 0-1: Fly out, F3 (Popup, 34S, EV 85.6 MPH)
|
Bottom of the 6th over - 0 runs, 0 hits, 0 errors, 1 left on base; Scranton WB 1 - Norfolk 2 |
TOP OF THE 7TH |
Scranton WB RailRiders batting - Pitching for Norfolk Tides : LHP Ace Ventura
|
Batting: SHB Victor Ruiz
|
0-0: Ground out 5-3 (Groundball, 5, EV 95.0 MPH)
|
Batting: RHB Bobby Melillo
|
0-0: Ground out 3-1 (Groundball, 34, EV 101.9 MPH)
|
Batting: LHB Aaron Joyner
|
0-0: Ball 1-0: Ball 2-0: Called Strike 2-1: Ground out 2-3 (Groundball, 13S, EV 69.4 MPH)
|
Top of the 7th over - 0 runs, 0 hits, 0 errors, 0 left on base; Scranton WB 1 - Norfolk 2 |
BOTTOM OF THE 7TH |
Norfolk Tides batting - Pitching for Scranton WB RailRiders : RHP Ray Richards
|
Batting: LHB Johan de Vries
|
0-0: Called Strike 0-1: Ball 1-1: Called Strike 1-2: Ball 2-2: Foul Ball, location: 2F 2-2: Strikes out swinging
|
Batting: RHB John Gray
|
0-0: Ball 1-0: Ball 2-0: Swinging Strike 2-1: Called Strike 2-2: Fly out, F3 (Popup, 34, EV 72.5 MPH)
|
Batting: SHB Marvin Garcia
|
0-0: Ball 1-0: Called Strike 1-1: Foul Ball, location: 2F 1-2: Ball 2-2: Ball 3-2: Ground out 1-3 (Groundball, 13S, EV 76.9 MPH)
|
Bottom of the 7th over - 0 runs, 0 hits, 0 errors, 0 left on base; Scranton WB 1 - Norfolk 2 |
TOP OF THE 8TH |
Scranton WB RailRiders batting - Pitching for Norfolk Tides : LHP Ace Ventura
|
Batting: SHB Edwin Dominguez
|
0-0: Foul Ball, location: 2F 0-1: Ground out 4-3 (Groundball, 4M, EV 87.5 MPH)
|
Batting: RHB John Sabean
|
0-0: Called Strike 0-1: Swinging Strike 0-2: Foul Ball, location: 2F 0-2: Strikes out swinging
|
Pinch Hitting: SHB Mukhtar Wa'il
|
0-0: SINGLE (Groundball, 6D, EV 102.5 MPH)
|
Batting: LHB Joel Vera
|
0-0: Ball 1-0: Called Strike 1-1: Foul Ball, location: 2F 1-2: Ground out U3 (Groundball, 3, EV 82.5 MPH)
|
Top of the 8th over - 0 runs, 1 hit, 0 errors, 1 left on base; Scranton WB 1 - Norfolk 2 |
BOTTOM OF THE 8TH |
Norfolk Tides batting - Pitching for Scranton WB RailRiders : RHP Ray Richards
|
Pitching: LHP Jose Carmona
|
|
Now in LF: Jose Lebron
|
|
Pinch Hitting: RHB Bobby Scholl
|
0-0: Foul Ball, location: 2F 0-1: Ball 1-1: Called Strike 1-2: Foul Ball, location: 2F 1-2: Ground out 5-3 (Groundball, 56S, EV 85.0 MPH)
|
Batting: LHB Ben Rubenacker
|
0-0: Foul Ball, location: 2F 0-1: Ball 1-1: Called Strike 1-2: Ball 2-2: Ball 3-2: Fly out, F9 (Flyball, 89D, EV 91.9 MPH)
|
Batting: LHB Tsutomu Miyahara
|
0-0: Swinging Strike 0-1: Ground out 6-3 (Groundball, 4M, EV 81.2 MPH)
|
Bottom of the 8th over - 0 runs, 0 hits, 0 errors, 0 left on base; Scranton WB 1 - Norfolk 2 |
TOP OF THE 9TH |
Scranton WB RailRiders batting - Pitching for Norfolk Tides : LHP Ace Ventura
|
Pitching: RHP Aaron Schneider
|
|
Now in CF: Longfellow Wetzler
|
|
Batting: RHB Devon Utley
|
0-0: Ball 1-0: Ground out 6-3 (Groundball, 6, EV 98.1 MPH)
|
Batting: RHB Scott King
|
0-0: Ball 1-0: Called Strike 1-1: Ball 2-1: Called Strike 2-2: Foul Ball, location: 2F 2-2: Foul Ball, location: 2F 2-2: SINGLE (Groundball, 3D, EV 104.4 MPH)
|
Batting: SHB Victor Ruiz
|
0-0: Ball 1-0: Ball 2-0: Ball 3-0: Base on Balls Scott King to second
|
Batting: RHB Bobby Melillo
|
0-0: Ball 1-0: Ball 2-0: Called Strike 2-1: Foul Ball, location: 2F 2-2: DOUBLE (Line Drive, 3D, EV 96.9 MPH) Scott King scores Victor Ruiz to third Runner from 3rd tries for Home, SAFE, no throw by RF
|
Batting: LHB Aaron Joyner
|
0-0: Called Strike 0-1: Foul Ball, location: 2F 0-2: Ball 1-2: Ball 2-2: Strikes out swinging
|
Batting: SHB Edwin Dominguez
|
0-0: Intentional Walk
|
Pinch Hitting: SHB Cristiano SerrĂ£o
|
0-0: Ball 1-0: Called Strike 1-1: Swinging Strike 1-2: Strikes out looking
|
Top of the 9th over - 2 runs, 2 hits, 0 errors, 2 left on base; Scranton WB 3 - Norfolk 2 |
BOTTOM OF THE 9TH |
Norfolk Tides batting - Pitching for Scranton WB RailRiders : LHP Jose Carmona
|
Pitching: RHP John Robidoux
|
|
Now at C: Mike Gifford
|
|
Batting: SHB Ben Pierce
|
0-0: Foul Ball, location: 2F 0-1: DOUBLE (Line Drive, 89XD, EV 110.6 MPH)
|
Batting: LHB Jose Chinchilla
|
0-0: Called Strike 0-1: Swinging Strike 0-2: Ball 1-2: Strikes out swinging
|
Batting: RHB Vince Jackson
|
0-0: Called Strike 0-1: Ball 1-1: Foul Ball, location: 2F 1-2: Foul Ball, location: 2F 1-2: Foul Ball, location: 2F 1-2: Fly out, F7 (Line Drive, 7D, EV 85.6 MPH) Runner from 2nd tags up, SAFE at 3rd with throw by LF
|
Batting: LHB Johan de Vries
|
0-0: Foul Ball, location: 2F 0-1: Ball 1-1: Ball 2-1: Called Strike 2-2: Ball 3-2: Ground out 4-3 (Groundball, 4S, EV 78.8 MPH)
|
Bottom of the 9th over - 0 runs, 1 hit, 0 errors, 1 left on base; Scranton WB 3 - Norfolk 2 |
|